 Dungeon Crawl Stone Soup version 0.21.1-1-g345015f (webtiles) character file.

296 Fang the Chopper (level 6, 0/58 HPs)
             Began as a Gargoyle Berserker on May 14, 2018.
             Was a Believer of Trog.
             Slain by Grinder (1 damage)
             ... on level 3 of the Dungeon.
             The game lasted 00:04:31 (2811 turns).

Fang the Chopper (Gargoyle Berserker)               Turns: 2811, Time: 00:04:32

Health: 0/58       AC:  8    Str: 28    XL:     6   Next: 35%
Magic:  6/6        EV: 12    Int:  7    God:    Trog [**....]
Gold:   137        SH:  0    Dex:  9    Spells: 5/5 levels left

rFire    . . .     SeeInvis .   p - +3 quarterstaff (chaos)
rCold    . . .     Gourm    .   (shield currently unavailable)
rNeg     + . .     Faith    .   b - +0 animal skin
rPois    ∞         Spirit   .   (no helmet)
rElec    +         Reflect  .   q - +1 cloak
rCorr    .         Harm     .   (no gloves)
MR       .....                  (no boots)
Stlth    ..........             (no amulet)
HPRegen  0.19/turn              (no ring)
MPRegen  0.10/turn              (no ring)

@: berserking, very quick
A: negative energy resistance 1, electricity resistance, unbreathing,
petrification resistance, rot immunity, AC +4
a: Berserk, Trog's Hand, Burn Spellbooks, Renounce Religion


You were on level 3 of the Dungeon.
You worshipped Trog.
Trog was pleased with you.
You were hungry.

You visited 1 branch of the dungeon, and saw 3 of its levels.

You collected 137 gold pieces.

Inventory:

Hand Weapons
 a - a +0 hand axe
 p - a +3 quarterstaff of chaos (weapon)
Armour
 b - a +0 animal skin (worn)
 q - a +1 cloak (worn)
Wands
 m - a wand of flame (16)
Scrolls
 e - 4 scrolls of noise {unknown}
 g - a scroll of teleportation {unknown}
 h - a scroll of remove curse {unknown}
 i - a scroll of enchant armour {unknown}
 j - a scroll of magic mapping {unknown}
 k - a scroll of amnesia {unknown}
 l - 2 scrolls of identify {unknown}
Potions
 d - a potion of lignification {unknown}
 f - 2 potions of curing {unknown}
 n - a potion of mutation {unknown}
 r - a potion of flight {unknown}
Comestibles
 c - 3 rations


   Skills:
 + Level 4.4 Fighting
 + Level 4.8 Axes
 + Level 2.5 Armour
 + Level 2.6 Dodging
 + Level 1.8 Stealth


You had 5 spell levels left.
You didn't know any spells.

Dungeon Overview and Level Annotations

Branches:
Dungeon (3/15)

Altars:

Annotations:
D:3 Grinder


Innate Abilities, Weirdness & Mutations

You are resistant to torment.
Your stone body is resilient. (AC +4)
You are immune to poison.
You resist negative energy. (rN+)
You are resistant to electric shocks. (rElec)
You can survive without breathing.
You are immune to petrification.
You are immune to rotting.


Message History

You closely miss Grinder.
Grinder is lightly wounded.
Grinder gestures at you. Pain shoots through your body!
* * * LOW HITPOINT WARNING * * *
You sock Grinder!
Grinder's magic leaks into the air.
Grinder is heavily wounded.
You barely miss Grinder.
Grinder is heavily wounded.
Grinder hits you!
* * * LOW HITPOINT WARNING * * *
You sock Grinder!
Grinder is severely wounded.
Grinder misses you.
You closely miss Grinder.
Grinder is severely wounded.
Grinder hits you.
* * * LOW HITPOINT WARNING * * *
You writhe in agony.
You die...

#.####....
##.........
#...###....
#.#.....# .
#..†###...#
##.## ..
#.# #.# #@#
#5# #.# #.#
#.# #$# #.#
#.#


You could see Grinder.

Vanquished Creatures
  A bullfrog (D:2)
  Crazy Yiuf (D:2)
  Jessica (D:2)
  Natasha (thrice) (D:2)
  5 adders (D:2)
  3 worms (D:2)
  2 dart slugs
  4 bats
  3 goblins
  5 hobgoblins
  6 jackals (D:2)
  2 quokkas
  A ball python (D:1)
  3 frilled lizards
  9 kobolds
  3 rats
52 creatures vanquished.

Notes
Turn   | Place    | Note
-------+----------+-------------------------------------------
     0 | D:1      | Fang the Gargoyle Berserker began the quest for the Orb.
     0 | D:1      | Reached XP level 1. HP: 14/14 MP: 1/1
   196 | D:1      | Reached XP level 2. HP: 8/19 MP: 2/2
   891 | D:2      | Reached XP level 3. HP: 24/24 MP: 3/3
  1028 | D:2      | Noticed Jessica
  1038 | D:2      | Killed Jessica
  1038 | D:2      | Reached ** piety under Trog
  1038 | D:2      | Reached XP level 4. HP: 22/29 MP: 4/4
  1397 | D:2      | Found a runed door.
  1562 | D:2      | Reached skill level 1 in Stealth
  1605 | D:2      | Noticed a bullfrog
  1619 | D:2      | Killed a bullfrog
  1619 | D:2      | Reached XP level 5. HP: 11/33 MP: 5/5
  1994 | D:2      | Noticed Natasha
  2004 | D:2      | Killed Natasha
  2184 | D:2      | Noticed Natasha
  2191 | D:2      | Killed Natasha
  2191 | D:2      | Reached XP level 6. HP: 26/39 MP: 6/6
  2296 | D:2      | Noticed Natasha
  2310 | D:2      | Killed Natasha
  2550 | D:2      | Noticed Crazy Yiuf
  2556 | D:2      | Killed Crazy Yiuf
  2796 | D:3      | Noticed Grinder
  2799 | D:3      | Paralysed by Grinder for 6 turns
  2811 | D:3      | HP: 1/58 [Grinder (3)]
  2811 | D:3      | Slain by Grinder

Skill      XL: |  1  2  3  4 |
---------------+-------------+-----
Axes           | 3 4 |  4.8
Fighting       | 4 |  4.4
Dodging        | 2 |  2.6
Stealth        | 1 |  1.8
Armour         | |  2.5

Action                   |  1- 3 |  4- 6 || total
-------------------------+-------+-------++-------
Melee: Hand axe          |    66 |   127 ||   193
       Quarterstaff      |       |    11 ||    11
Invok: Berserk           |     2 |     5 ||     7
 Stab: Sleeping          |     1 |     1 ||     2
       Distracted        |       |     1 ||     1
  Eat: Chunk             |     1 |     7 ||     8
       Ration            |       |     1 ||     1
Armor: Animal skin       |    19 |    56 ||    75
Dodge: Dodged            |    41 |   106 ||   147
